 Dungeon Crawl Stone Soup version 0.16-a0-3171-gce70061 (webtiles) character file.

117 Johnny the Bolt Thrower (level 5, -4/38 HPs)
             Began as a Human Hunter on Dec 16, 2014.
             Slain by a sky beast (5 damage)
             ... on level 3 of the Dungeon.
             The game lasted 00:02:28 (1504 turns).

Johnny the Bolt Thrower (Human Hunter)              Turns: 1504, Time: 00:02:29

Health: -4/38      AC:  4    Str: 13    XL:     5   Next: 22%
Magic:  5/5        EV: 13    Int: 16    God:
Gold:   91         SH:  0    Dex: 14    Spells: 0 memorised, 4 levels left

rFire  . . .     SeeInvis .     b - +1 hand crossbow
rCold  . . .     Clarity  .     d - +0 leather armour
rNeg   . . .     SustAb   .     (no shield)
rPois  .         Gourm    .     n - +0 helmet
rElec  .         Spirit   .     (no cloak)
rCorr  .         Warding  .     (no gloves)
rMut   .         Stasis   .     (no boots)
MR     .....                    (no amulet)
Stlth  +.........               (no ring)
                                (no ring)

@: brilliant, not resistant to hostile enchantments, very unstealthy
A: no striking features
a: no special abilities


You were on level 3 of the Dungeon.
You were hungry.

You visited 1 branch of the dungeon, and saw 3 of its levels.

You collected 91 gold pieces.

Inventory:

Hand weapons
 a - a +0 short sword
 b - a +1 hand crossbow (weapon)
 v - a +0 falchion
Missiles
 c - 9 bolts (quivered)
Armour
 d - a +0 leather armour (worn)
 n - a +0 helmet (worn)
 x - a +0 pair of gloves
Scrolls
 h - 2 scrolls of identify
 p - 3 scrolls of fear {unknown}
 r - 2 scrolls of recharging {unknown}
 s - a scroll of enchant weapon {unknown}
 u - a scroll of blinking {unknown}
Potions
 g - a potion of magic {unknown}
 i - a potion of brilliance
 j - a potion of invisibility {unknown}
 l - a potion of flight {unknown}
 o - a potion of heal wounds {unknown}
 q - a potion of mutation {unknown}
 t - a potion of poison {unknown}
 w - a potion of degeneration {unknown}
Comestibles
 f - 3 bread rations
 k - a meat ration
 m - 3 fruits


   Skills:
 - Level 2.0 Fighting
 * Level 5.4 Crossbows
 + Level 3.4 Dodging
 - Level 1.0 Stealth


You had 4 spell levels left.
You didn't know any spells.

Dungeon Overview and Level Annotations

Branches:
Dungeon (3/15)

Altars:
Nemelex Xobeh
Qazlal


Message History

Press: ? - help, Shift-Dir - straight line, f - goblin
Aim: a goblin, wielding a dagger of venom You shoot a bolt.
Something hits you. Something shocks you. Something hits you.
* * * LOW HITPOINT WARNING * * *
Something shocks you.
* * * LOW HITPOINT WARNING * * *
You are too injured to fight recklessly!
You are too injured to fight recklessly!
You are too injured to fight recklessly!
You are too injured to fight recklessly!
Unknown command.
Drink which item? (? for menu, Esc to quit)
It was a potion of brilliance.
You feel clever all of a sudden. Something barely misses you.
Drink which item? (? for menu, Esc to quit)
It was a potion of restore abilities.
You feel refreshed. Something hits you.
* * * LOW HITPOINT WARNING * * *
Something shocks you.
You die...

...........####..#....
..............).........
............# #.........
...........####o..#.....
........<.....o...........
........<...#...o....#..#.
..........ยง#####......$...
....!....######o.........
...........@{goo..#.....
..........######.#######
.........# ### ........#
......## ##..


You could see 3 orcs and a goblin.

Vanquished Creatures
  7 adders (D:2)
  A worm (D:2)
  An ooze (D:2)
  8 bats
  A giant cockroach (D:2)
  8 goblins
  3 hobgoblins
  7 jackals
  6 kobolds
  2 ball pythons (D:1)
  3 giant newts
  6 rats
53 creatures vanquished.

Notes
Turn   | Place    | Note
--------------------------------------------------------------
     0 | D:1      | Johnny, the Human Hunter, began the quest for the Orb.
     0 | D:1      | Reached XP level 1. HP: 16/16 MP: 1/1
    74 | D:1      | Reached XP level 2. HP: 17/22 MP: 2/2
   344 | D:1      | Reached XP level 3. HP: 27/27 MP: 3/3
   762 | D:2      | Found a sparkling altar of Nemelex Xobeh.
   861 | D:2      | Found a stormy altar of Qazlal.
   880 | D:2      | Reached XP level 4. HP: 33/33 MP: 4/4
   892 | D:2      | Reached skill level 5 in Crossbows
  1079 | D:2      | Reached XP level 5. HP: 38/38 MP: 5/5
  1482 | D:3      | Noticed a sky beast
  1504 | D:3      | HP: 1/38 [something (4)]
  1504 | D:3      | Slain by a sky beast

Action                   |  1- 3 |  4- 6 || total
-------------------------+-------+-------++-------
Melee: Short sword       |       |    32 ||    32
 Fire: Hand crossbow     |    78 |    44 ||   122
  Use: Scroll            |       |     1 ||     1
       Potion            |       |     2 ||     2
  Eat: Chunk             |       |     1 ||     1
